 Dungeon Crawl Stone Soup version 0.30-a0-304-gdc4b735fe1 (webtiles) character file.

Game seed: 1823912946018981461

58 lunkers the Digger (level 4, -1/33 HPs)
             Began as a Meteoran Earth Elementalist on Oct 21, 2022.
             Slain by a gnoll
             ... wielding a +0 spear
              (7 damage)
             ... on level 3 of the Dungeon.
             The game lasted 00:00:45 (943 turns).

lunkers the Digger (Meteoran Earth Elementalist)     Turns: 943, Time: 00:00:46

Health: -1/33      AC:  2    Str: 10    XL:     4   Next: 44%
Magic:  0/10       EV:  6    Int: 18    God:
Gold:   55         SH:  0    Dex: 14    Spells: 9/10 levels left

rFire   . . .      SeeInvis .    (no weapon)
rCold   . . .      Faith    .    (no shield)
rNeg    . . .      Spirit   .    a - +0 robe
rPois   .          Reflect  .    (no helmet)
rElec   .          Harm     .    (no cloak)
rCorr   .          Rampage  .    (no gloves)
Will    .....                    (no boots)
Stlth   +.........               (no amulet)
HPRegen 0.25/turn                (no ring)
MPRegen 0.12/turn                (no ring)

@: very slightly contaminated, held, glowing
A: sense surroundings 1, otherworldly, glowing, explore regen
a: no special abilities


You were on level 3 of the Dungeon.
You visited 1 branch of the dungeon, and saw 3 of its levels.

You collected 55 gold pieces.

Inventory:

Armour
 a - a +0 robe (worn)
Jewellery
 l - a ring of flight
Scrolls
 f - a scroll of fear {unknown}
 g - a scroll of enchant weapon {unknown}
 i - a scroll of noise {unknown}
 k - 3 scrolls of summoning {unknown}
 m - a scroll of blinking {unknown}
Potions
 b - a potion of magic
 c - 2 potions of heal wounds {unknown}
 d - a potion of lignification {unknown}
 e - a potion of haste {unknown}
 h - a potion of berserk rage {unknown}
 j - a potion of curing {unknown}


   Skills:
 - Level 2.4 Dodging
 - Level 1.4 Stealth
 + Level 3.7 Spellcasting
 - Level 1.2 Transmutations
 * Level 5.1 Earth Magic


You had 9 spell levels left.
You knew the following spells:

 Your Spells              Type           Power      Damage    Failure   Level
a - Sandblast             Erth           42%        2d11      1%          1

Your spell library contained the following spells:

 Spells                   Type           Power      Damage    Failure   Level
 Passwall                 Tmut/Erth      11%        N/A       6%          2
 Magic Dart               Conj           12%        1d3       16%         1
 Stone Arrow              Conj/Erth      24%        3d8       16%         3
 Searing Ray              Conj           6%         2d4       22%         2
 Petrify                  Tmut/Erth      14%        N/A       38%         4
 Fulminant Prism          Conj/Hex       1%         3d6       83%         4


Dungeon Overview and Level Annotations

Branches:
Dungeon (3/15) Zot: 836

Altars:


Innate Abilities, Weirdness & Mutations

You passively map a small area around you.
You are easily found by Zot.
You glow in the dark.
You regain HP and MP as you explore.


Message History

The gnoll misses you.
Unknown command.
Aiming: Sandblast (safe; 1% risk of failure)
Press: ? - help, Q - select action Shift-Dir - straight line, f/p - gnoll
Aim: a gnoll, wielding a +0 spear (heavily wounded, 85% to hit)
The blast of sand hits the gnoll!
You kill the gnoll!
The gnoll throws a throwing net.
The throwing net hits you.
You become entangled in the net!
Unknown command.
Unknown command.
Aiming: Sandblast (safe; 1% risk of failure)
Press: ? - help, Q - select action Shift-Dir - straight line, f - gnoll
Aim: a gnoll, wielding a +0 spear (moderately wounded, 85% to hit)
The blast of sand misses the gnoll.
* * * LOW MAGIC WARNING * * *
The gnoll hits you from afar with a +0 spear.
* * * LOW HITPOINT WARNING * * *
Aiming: Sandblast (safe; 1% risk of failure)
Press: ? - help, Q - select action Shift-Dir - straight line, f/p - gnoll
Aim: a gnoll, wielding a +0 spear (moderately wounded, 85% to hit)
You miscast Sandblast.
You are very lightly contaminated with residual magic.
Nothing appears to happen.
* * * LOW MAGIC WARNING * * *
The gnoll hits you from afar with a +0 spear.
* * * LOW HITPOINT WARNING * * *
Aiming: Sandblast (safe; 1% risk of failure)
Press: ? - help, Q - select action Shift-Dir - straight line, f/p - gnoll
Aim: a gnoll, wielding a +0 spear (moderately wounded, 85% to hit)
The blast of sand hits the gnoll.
The gnoll is almost dead.
* * * LOW MAGIC WARNING * * *
The gnoll hits you from afar with a +0 spear.
* * * LOW HITPOINT WARNING * * *
The gnoll hits you from afar with a +0 spear.
* * * LOW HITPOINT WARNING * * *
You tear a large gash into the net.
The gnoll hits you from afar with a +0 spear!
You die...

, ####...######.##.#
+....)).......>... , ,
,#.##.....###.#.#.# ,
, #.##..#..# #.#[#,
#.##.##..# #.#.#,*
#.##.[...# #.#.#,, * *
* #.##..#.## #.#.#
#.#####.##..#.# #.#.#
#...)g.@.#..#.####.#..
#..####............#
,* ##.##.######## * ,
,* *#.##.# *#.##.# *
,, ,.....# , * ######


You could see a gnoll.

Vanquished Creatures
  2 gnolls (D:3)
  An adder (D:2)
  A worm (D:2)
  2 ball pythons
  A bat (D:1)
  2 endoplasms (D:2)
  2 giant cockroaches
  A goblin (D:2)
  2 hobgoblins
  4 jackals (D:2)
  A kobold (D:3)
  3 frilled lizards
  4 rats
26 creatures vanquished.

Notes
Turn   | Place    | Note
-------+----------+-------------------------------------------
     0 | D:1      | lunkers the Meteoran Earth Elementalist began the quest for
                  | the Orb.
     0 | D:1      | Reached XP level 1. HP: 14/14 MP: 5/5
    60 | D:1      | Found a faded altar of an unknown god.
   160 | D:1      | Reached XP level 2. HP: 20/20 MP: 4/6
   175 | D:2      | Reached skill level 4 in Earth Magic
   231 | D:2      | Reached XP level 3. HP: 26/26 MP: 4/8
   936 | D:3      | Reached skill level 5 in Earth Magic
   936 | D:3      | Reached XP level 4. HP: 33/33 MP: 6/10
   943 | D:3      | Slain by a gnoll

Illustrated notes

Levels and vault maps discovered:
D:1:      dpeg_arrival_stone_temple_mockup, layout_basic,
          hellmonk_ecumenical_altar_arch_garden, chequers_serial_rivers_small_b
D:2:      layout_basic, uniq_crazy_yiuf_cottage
D:3:      layout_loops_corners

Skill      XL: |  1  2  3 |
---------------+----------+-----
Earth Magic    | 4 5 |  5.1
Spellcasting   | 3 |  3.7
Dodging        | |  2.4
Stealth        | |  1.4
Transmutations | |  1.2

Action                   |  1- 3 |  4- 6 || total
-------------------------+-------+-------++-------
 Cast: Sandblast         |    33 |     6 ||    39
Armor: Robe              |     2 |       ||     2
Dodge: Dodged            |     1 |     2 ||     3

Table legend: (Time is in decaauts)
 A = Elapsed time spent in this place.
 B = Non-inter-level travel time spent in this place.
 C = Inter-level travel time spent in this place.
 D = Time resting spent in this place.
 E = Time spent auto-exploring this place.
 F = Levels seen in this place.
 G = Mean time per level.
                   A        B        C        D        E       F      G
               +--------+--------+--------+--------+--------+-----+--------+
         Total |    962 |    875 |     87 |      0 |    744 |   3 |  320.7 |
       Dungeon |    962 |    875 |     87 |      0 |    744 |   3 |  320.7 |
               +--------+--------+--------+--------+--------+-----+--------+

Top non-repeatable levels by time:
     D:2: 485 daAuts
     D:3: 307 daAuts
     D:1: 169 daAuts
